Map: Year Zero LE

Players

Seph

  • Race: Terran Terran
  • League: Bronze
  • Spawn Location: 11:00

Thirdperson - Winner!

  • Race: Protoss Protoss
  • League: Silver
  • Spawn Location: 1:00

VOD

Have the link to the VOD?

Description

Time

  • Played on: Feb. 15, 2019, 10:03 p.m.
  • Length: 3:40
Show
View Real Time Build Order
Export as new Build Order

Seph Terran 

Build Orders:  

Get SALT Encoding   

  12  0:12  Supply Depot  
  12  0:13  SCV  
  13  0:26  SCV  
  14  0:36  Barracks  
  14  0:46  Refinery  
  14  0:54  SCV  
  15  1:06  SCV  
  16  1:18  SCV  
  17  1:24  Engineering Bay  
  17  1:46  Orbital Command  
  17  1:48  Barracks Reactor  
  17  1:59  Supply Depot  
  17  2:25  Factory  
  17  2:26  SCV  
  18  2:32  Refinery  
  18  2:38  SCV  
  18  2:41  Marine x2  
  21  2:51  SCV  
  22  2:59  Marine x2  
  22  3:03  SCV  
  22  3:15  SCV  
  22  3:16  Marine  
  22  3:17  Marine  
  22  3:20  Factory Reactor  
Show
View Real Time Build Order
Export as new Build Order

Thirdperson Protoss - Winner!

Build Orders:  

Get SALT Encoding   

  12  0:01  Probe  
  13  0:13  Probe  
  14  0:25  Probe  
  15  0:51  Pylon  
  15  1:09  Probe  
  15  1:10  Gateway x2  
  16  1:11  Gateway  
  16  1:22  Pylon x2  
  16  1:51  Zealot  
  16  1:52  Zealot  
  16  1:54  Zealot  
  22  2:13  Zealot  
  22  2:14  Zealot  
  22  2:19  Zealot  
  28  2:40  Zealot  
  28  2:41  Zealot  
  32  2:46  Zealot  
  34  3:08  Zealot x2  
Tags
 
Add a new tag
Caveats
  • Supply blocks, unpowered buildings, or Contaminate may cause inaccurate times.
  • Supply counts are checked every 10 seconds.